 Dungeon Crawl Stone Soup version 0.29-a0-824-gd827844252 (webtiles) character file.

Game seed: 16769199463857907947

40 Malachi the Insei (level 3, -1/27 HPs)
             Began as a Djinni Transmuter on July 10, 2022.
             Slain by a gnoll
             ... wielding a +0 spear
              (6 damage)
             ... on level 2 of the Dungeon.
             The game lasted 00:01:28 (1381 turns).

Malachi the Insei (Djinni Transmuter)               Turns: 1381, Time: 00:01:29

Health: -1/27      AC:  2    Str:  9    XL:     3   Next: 72%
Gold:   47         EV: 12    Int: 16    God:
                   SH:  0    Dex: 13

rFire   + + .      SeeInvis .   f - +3 dagger (vamp)
rCold   x . .      Faith    .   (no shield)
rNeg    . . .      Spirit   .   a - +0 robe
rPois   ∞          Reflect  .   (helmet currently unavailable)
rElec   .          Harm     .   (no cloak)
rCorr   .          Rampage  .   (no gloves)
Will    .....                   (boots unavailable)
Stlth   +.........              (no amulet)
HPRegen 0.09/turn               (no ring)
MPRegen 0.00/turn               (no ring)

@: appendages, wereblooded, flying, very slightly contaminated
A: horns 2, flying, sickness immunity, fire resistance 2, cold vulnerability 1,
float, innate caster, HP casting, extra vitality 1
a: End Transformation


You were on level 2 of the Dungeon.
You had temporarily grown beastly horns.
You visited 1 branch of the dungeon, and saw 2 of its levels.

You collected 47 gold pieces.

Inventory:

Hand Weapons
 f - a +3 vampiric dagger (weapon)
Armour
 a - a +0 robe (worn)
Scrolls
 c - a scroll of poison {unknown}
 d - 2 scrolls of identify {unknown}
 g - a scroll of noise {unknown}
 i - 2 scrolls of teleportation {unknown}
 k - a scroll of torment {unknown}
Potions
 b - a potion of lignification
 e - a potion of haste {unknown}
 h - a potion of brilliance {unknown}
 j - a potion of ambrosia {unknown}
 l - a potion of mutation {unknown}


   Skills:
 - Level 1.2 Fighting
 - Level 0.1 Short Blades
 - Level 2.4 Dodging
 * Level 4.0 Unarmed Combat
 * Level 1.8 Spellcasting


You couldn't memorise any spells.
You knew the following spells:

 Your Spells              Type           Power      Damage    Failure   Level
a - Beastly Appendage     Tmut           14%        N/A       10%         1
b - Wereblood             Tmut           7%         N/A       14%         2
c - Spider Form           Tmut/Pois      7%         N/A       28%         3
d - Ice Form              Ice/Tmut       7%         N/A       67%         4
e - Magic Dart            Conj           28%        1d4       10%         1
Your spell library was empty.

Dungeon Overview and Level Annotations

Branches:
Dungeon (2/15)

Altars:


Innate Abilities, Weirdness & Mutations

You have temporarily grown beastly horns.
You are flying.
You are immune to sickness and miasma.
You are immune to poison.
Your flesh is very heat resistant. (rF++)
You are vulnerable to cold. (rC-)
You float through the air rather than walking.
You learn spells naturally, not from books.
Your magical power is your life essence.
You have superior vitality. (+4 MHP)


Message History

2 gnolls come into view.
The gnoll shouts! x2
A gnoll comes into view. It is wielding a +0 whip.
A gnoll comes into view. It is wielding a +0 flail.
There are monsters nearby!
There are monsters nearby!
There are monsters nearby!
The gnoll shouts!
Casting: Beastly Appendage (safe; 10% risk of failure)
Confirm with . or Enter, or press ? or * to list all spells.
You miscast Beastly Appendage.
You are very lightly contaminated with residual magic.
Nothing appears to happen.
Unknown command.
Casting: Beastly Appendage (safe; 10% risk of failure)
Confirm with . or Enter, or press ? or * to list all spells.
You grow a pair of large bovine horns.
The gnoll closely misses you. x2
Unknown command.
Casting: Beastly Appendage (safe; 10% risk of failure)
Confirm with . or Enter, or press ? or * to list all spells.
Okay, then.
Unknown command.
Casting: Beastly Appendage (safe; 10% risk of failure)
Confirm with . or Enter, or press ? or * to list all spells.
Your blood is infused with primal strength.
The gnoll hits you with a +0 club.
The gnoll hits you from afar with a +0 spear.
Unknown command.
You completely miss the gnoll. The gnoll misses you.
The gnoll hits you from afar with a +0 spear.
You hit the gnoll.
You feel better.
The gnoll is lightly wounded.
The gnoll hits you with a +0 club.
The gnoll hits you from afar with a +0 spear!
* * * LOW HITPOINT WARNING * * *
You are too injured to fight recklessly!
You are too injured to fight recklessly!
You hit the gnoll but do no damage. The gnoll barely misses you.
The gnoll hits you from afar with a +0 spear.
You die...

..... ....# ....#
....## .....##
###.......
#.g..g....
#g###..... #.....
#@# ... #..... #.#
. #..... #.#
##.....##.#
........#.#
.........#.#
.........#.###...
.........'........
.........#.####.##


You could see 2 gnolls.

Vanquished Creatures
  An adder (D:2)
  3 endoplasms
  2 giant cockroaches
  2 goblins
  3 hobgoblins
  2 jackals (D:1)
  2 quokkas (D:1)
  3 ball pythons (D:1)
  A frilled lizard (D:2)
  6 kobolds (D:1)
  4 rats (D:1)
29 creatures vanquished.

Notes
Turn   | Place    | Note
-------+----------+-------------------------------------------
     0 | D:1      | Malachi the Djinni Transmuter began the quest for the Orb.
     0 | D:1      | Malachi set off with the following spells memorised:
                  | Beastly Appendage, Wereblood, Spider Form, Ice Form.
     0 | D:1      | Reached XP level 1. HP: 17/17 MP: 0/0
   355 | D:1      | Reached XP level 2. HP: 20/22 MP: 0/0
   902 | D:1      | Reached XP level 3. HP: 27/27 MP: 0/0
   902 | D:1      | Learned a level 1 spell: Magic Dart
  1284 | D:2      | Found a faded altar of an unknown god.
  1316 | D:2      | Reached skill level 4 in Unarmed Combat
  1381 | D:2      | Slain by a gnoll

Illustrated notes

Levels and vault maps discovered:
D:1:      minmay_arrival_cross, layout_basic, serial_glass, glass_columns_c,
          glass_columns_a, glass_columns_a, glass_columns_c
D:2:      layout_basic, dreamdust_ecumenical_altar_grove, uniq_sigmund

Skill      XL: |  1  2  3 |
---------------+----------+-----
Unarmed Combat | 4 |  4.0
Fighting       | |  1.2
Short Blades   | |  0.1
Dodging        | |  2.4
Spellcasting   | |  1.8

Action                   || total
-------------------------++-------
Melee: Unarmed           ||    14
       Dagger            ||    67
       Headbutt          ||     7
       Punch             ||     3
 Cast: Beastly Appendage ||    11
       Wereblood         ||     1
 Stab: Sleeping          ||     1
Armor: Robe              ||    14
Dodge: Dodged            ||    59

Table legend: (Time is in decaauts)
 A = Elapsed time spent in this place.
 B = Non-inter-level travel time spent in this place.
 C = Inter-level travel time spent in this place.
 D = Time resting spent in this place.
 E = Time spent auto-exploring this place.
 F = Levels seen in this place.
 G = Mean time per level.
                   A        B        C        D        E       F      G
               +--------+--------+--------+--------+--------+-----+--------+
         Total |   1379 |   1372 |      7 |    205 |    970 |   2 |  689.5 |
       Dungeon |   1379 |   1372 |      7 |    205 |    970 |   2 |  689.5 |
               +--------+--------+--------+--------+--------+-----+--------+

Top non-repeatable levels by time:
     D:1: 1223 daAuts
     D:2: 155 daAuts
